Zazza, neutral female human Tourist ----------------------------------------------------------------- |....[...[.....%[...............................................| |......)......[.)..%......%.......................------------..| -+--........))[)).%.[.............................%..|.....(....|..| |........}}}}}}}[...................}}}}}}}..........|....).....|..| |.....[..}-----}....................}-----}..........--|--|--...|..| ---....%...}| |}}}}}}}}}}}}}}}}}}}}}}| |}.[...............|...|..| |.....)....}--- ----------------------------}..)......)..)....|...|..| |....%%.[..}}}| |......h...|}}}.................-...|..| -------.(..[.....}| ^ |(.....o.G)|}............%......|...|..| |.....|).........}| |.....hGToo@@...................|...|..| |.....)[.......}}}| |......hoh%|}}}............. ...-...|..| |.....|........}--- ----------------------------}.................|...|..| |.....|........}| |}}}}}}}}}}}}}}}}}}}}}}| |}.... ............|...|..| |..-+----......}-----}..........[.........}-----}..........--|--|--..(|..| |..|....|......}}}}}}}....................}}}}}}}..........|..........|..| |%.|..^.|..........................).......................|........(.|..| -----------.......................)*.......................------------..| |.....................)...)....................................| ---------------------------------------------------------------- Zazza the Peregrinatrix Experience level: 12 Strength: 25 Dexterity: 18 Constitution: 18 Intelligence: 12 Wisdom: 16 Charisma: 18 Health: 0(101) Energy: 54(54) Def: 21 Gold: 0 Moves: 30508 Dungeon seed: H0brDeu3yZhKx5sf Game ID: Zazza_1619593446 Your Inventory: Amulets K - an uncursed amulet of reflection (being worn) Weapons d - the +0 Mjollnir (weapon in hand) Armor e - an uncursed +0 pair of speed boots (being worn) n - an uncursed +0 dwarvish mithril-coat (being worn) q - an uncursed rustproof +1 helm of brilliance (being worn) E - an uncursed +0 cloak of protection (being worn) Y - an uncursed thoroughly rusty +0 pair of gauntlets of power (being worn) Rings i - an uncursed ring of levitation (on right hand) G - an uncursed ring of shock resistance (on left hand) Wands C - a wand of sleep (0:4) Tools k - an uncursed skeleton key u - a blessed +0 unicorn horn z - a blessed bag of holding Gems p - a blessed luckstone Contents of the bag of holding: 62 gold pieces a +0 bill-guisarme a blessed +0 glaive a +0 guisarme a cursed -2 ranseur a cursed -2 silver saber a cursed +0 spetum an uncursed +0 mummy wrapping 21 uncursed C-rations 11 uncursed K-rations an uncursed food ration 3 uncursed lizard corpses 11 uncursed lumps of royal jelly 3 uncursed scrolls of teleportation a cursed scroll of teleportation a blessed spellbook of create familiar an uncursed potion of booze an uncursed potion of extra healing a blessed potion of full healing 3 uncursed potions of full healing an uncursed potion of healing a cursed potion of healing a blessed potion of oil a cursed potion of paralysis an uncursed potion of sleeping an uncursed potion of speed an uncursed ring of polymorph an uncursed ring of see invisible an uncursed ring of stealth a wand of digging (0:8) a wand of enlightenment (0:14) a wand of fire (0:6) a wand of lightning (0:4) a wand of magic missile (0:7) a wand of slow monster (0:7) a cursed wand of speed monster (0:7) an uncursed bugle a fire horn (0:0) a magic marker (0:41) a +0 pick-axe an uncursed worthless piece of red glass an uncursed worthless piece of yellow glass Spells and supernatural/magical abilities: Name Level Category Fail Memory i - invisibility 4 escape 100% 94% s - slow monster 2 enchantment 100% 94% w - wizard lock 2 matter 100% 81% A - create familiar 6* clerical 100% 0% V - teleportitis -- ability ? -- W - pray for help -- divine ? -- Your skills at the end: Fighting Skills Weapon Skills dagger [Basic] hammer [Basic] dart [Basic] unicorn horn [Skilled] Spellcasting Skills Final Attributes: You were piously aligned. You were fire resistant. You were cold resistant. You were sleep resistant. You were shock resistant. You were poison resistant. You saw invisible. You were telepathic. You had automatic searching. You were invisible to others. You could teleport. You had teleport control. You were levitating. You were protected. You were very fast. You had reflection. You were lucky. You had extra luck. Good luck did not time out for you. You are dead. Vanquished creatures: an iron golem a gray dragon a black dragon a yellow dragon a baluchitherium a shopkeeper 2 captains a nurse 3 frost giants 2 ghosts 4 lieutenants a queen bee 3 giant mimics a zruty 2 fire giants an ice troll a large mimic a long worm 2 stalkers a fire elemental a hill giant a giant mummy a black naga a giant zombie 4 elf-lords 13 sergeants a winter wolf 6 small mimics an ogre lord 3 quantum mechanics 7 trolls 2 wood golems a djinni a gelatinous cube 3 large dogs 2 freezing spheres 4 flaming spheres 2 shocking spheres 4 tigers 2 gargoyles 4 dwarf kings 10 tengu 2 ochre jellies 2 leocrottas an energy vortex 3 stone giants 3 human mummies a pit viper 2 wraiths a leather golem 2 Grey-elves 75 soldiers a watchman 6 giant beetles 4 quivering blobs 2 cockatrices 8 wolves 3 winter wolf cubs a lynx 4 panthers a gremlin 4 leprechauns 2 iron piercers a mumak 7 giant spiders 4 scorpions an ice vortex 2 black lights 5 forest centaurs 5 gnome kings 3 orc mummies a dwarf mummy 2 brown puddings a rust monster 2 owlbears 2 yetis a gold golem 3 werewolves 5 Green-elves 5 lizards a chickatrice a dog a dingo 2 jaguars 3 blue jellies a white unicorn 2 black unicorns a dust vortex 3 ravens 4 plains centaurs 2 Kop Kaptains 2 gnome mummies 2 snakes 8 apes a Woodland-elf 6 soldier ants 6 fire ants 18 bugbears 2 imps 5 wood nymphs 4 water nymphs 4 mountain nymphs 5 Uruk-hai 6 orc shamans 8 rock piercers 5 rock moles 2 ponies 2 fog clouds 9 yellow lights 5 shriekers a violet fungus 17 gnome lords 10 gnomish wizards 4 Kop Lieutenants 2 kobold mummies a guardian naga hatchling 2 gray oozes a barrow wight 2 elf zombies 2 straw golems 3 paper golems a baby crocodile 9 giant ants 9 floating eyes 2 kittens 23 dwarves 3 homunculi a kobold lord 5 kobold shamans 13 hill orcs 4 rothes a rabid rat 2 centipedes 3 giant bats 18 Kop Sergeants 2 monkeys 7 orc zombies 8 dwarf zombies 2 wererats 2 werejackals 5 iguanas 58 killer bees 8 acid blobs 6 coyotes 5 gas spores 10 hobbits 27 manes 5 large kobolds 27 hobgoblins 11 giant rats 4 cave spiders 2 brown molds 2 yellow molds 5 green molds 4 red molds 68 gnomes 38 Keystone Kops 8 garter snakes 5 gnome zombies 5 geckos 18 jackals a fox 4 kobolds 12 goblins 8 sewer rats 24 grid bugs 5 bats 14 lichens 7 kobold zombies 11 newts 971 creatures vanquished. Genocided species: small mimics large mimics giant mimics liches demiliches master liches arch-liches 7 species genocided. Voluntary challenges: You used a wielded weapon 1464 times, starting on turn 497. You had been a pacifist until turn 2277. You read items or engraved 177 times, starting on turn 322. You genocided 7 types of monsters, starting on turn 27632. You never polymorphed an object. You never changed form. You used no wishes. You never split a pudding. You wrote Elbereth's name 67 times, starting on turn 3562. You violated your moral code, losing 181 points of alignment, starting on turn 5638. Dungeon overview: The Dungeons of Doom: levels 1 to 23 Level 1 an altar to The Lady, a fountain a long staircase Level 2 an armor shop Level 3 a fountain Level 4 some fountains stairs to The Gnomish Mines Level 5 Level 6 many fountains Level 7 some fountains stairs to Sokoban Level 8 an altar to Blind Io Level 9 a delicatessen, a fountain Level 10 a fountain Level 11 a general store, a fountain Level 12 a fountain Level 13 a fountain, a sink portal to The Quest Level 14 Level 15 a temple to The Lady, a fountain Level 16 some fountains Level 17 some fountains portal to Fort Ludios Level 18 (Rogue) Level 19 a temple to The Lady Level 20 a temple to Offler Level 21 Level 22 a sink Level 23 (Medusa) The Gnomish Mines: levels 5 to 13 Level 5 stairs to The Dungeons of Doom Level 6 Level 7 (unicorn) Level 8 many shops, a temple to The Lady, some fountains Level 9 Level 10 Level 11 Level 12 Level 13 The Quest: Level 1 portal to The Dungeons of Doom Sokoban: levels 3 to 6 Level 3 Level 4 Level 5 Level 6 stairs to The Dungeons of Doom Fort Ludios: Level 1 <- You were here a throne portal to The Dungeons of Doom History has recorded: On T:1 you entered the Dungeons of Doom to retrieve the Amulet of Yendor! On T:524 you reached level 2 of The Dungeons of Doom. On T:1702 you reached level 3 of The Dungeons of Doom. On T:2541 you reached level 1 of The Gnomish Mines. On T:2690 you reached level 5 of The Dungeons of Doom. On T:2993 you reached level 6 of The Dungeons of Doom. On T:3466 you reached level 7 of The Dungeons of Doom. On T:3495 you reached level 4 of Sokoban. On T:3622 you advanced to experience level 2. On T:4741 you advanced to experience level 3. On T:4780 you reached level 2 of The Gnomish Mines. On T:4886 you reached level 3 of The Gnomish Mines. On T:5225 you reached level 4 of The Gnomish Mines. On T:5612 you advanced to experience level 4. On T:5638 you advanced to experience level 5. On T:6639 you advanced to experience level 6. On T:7689 you advanced to experience level 7. On T:9032 you reached level 3 of Sokoban. On T:9464 you advanced to experience level 8. On T:9671 you reached level 2 of Sokoban. On T:10042 you reached level 1 of Sokoban. On T:11760 you reached level 5 of The Gnomish Mines. On T:11992 you advanced to experience level 9. On T:12358 you reached level 6 of The Gnomish Mines. On T:12622 you reached level 7 of The Gnomish Mines. On T:12699 you reached level 8 of The Gnomish Mines. On T:12948 you reached level 9 of The Gnomish Mines. On T:14618 you reached level 8 of The Dungeons of Doom. On T:14941 you reached level 9 of The Dungeons of Doom. On T:15044 you reached level 10 of The Dungeons of Doom. On T:17112 you advanced to experience level 10. On T:17689 you reached level 11 of The Dungeons of Doom. On T:18618 you reached level 12 of The Dungeons of Doom. On T:20783 you reached level 13 of The Dungeons of Doom. On T:21161 you reached level 1 of The Quest. On T:21485 you reached level 14 of The Dungeons of Doom. On T:21711 you advanced to experience level 11. On T:22118 you reached level 15 of The Dungeons of Doom. On T:22547 you reached level 16 of The Dungeons of Doom. On T:22686 you reached level 17 of The Dungeons of Doom. On T:22782 you reached Fort Ludios. On T:24570 you reached level 18 of The Dungeons of Doom. On T:24571 you reached level 19 of The Dungeons of Doom. On T:24617 you reached level 20 of The Dungeons of Doom. On T:24959 you reached level 21 of The Dungeons of Doom. On T:25129 you reached level 22 of The Dungeons of Doom. On T:25550 you reached level 23 of The Dungeons of Doom. On T:26737 you advanced to experience level 12. Score breakdown: Gold: 0 ( 0 points) Experience: 12 levels (18476 points) Exploration: 23 levels ( 51.11%) (21213 points) Discoveries: 115 items ( 38.59%) (18636 points) Valuables value: (no points given unless you survive) Artifact value: 4000 (12253 points) Variety of kills: 170 monsters ( 44.62%) (20039 points) Turncount: 30508 turns (-4026 points) Survival: died (score multiplied by 80%) Total score: 69272 Latest messages: The bugbear zaps a wand of striking! The wand hits Croesus! Croesus resists! The wand misses you. Croesus swings his two-handed sword. Croesus hits! The hobgoblin picks up an orcish dagger. You don't have anything to zap. C - a wand of sleep (0:5). The sleep ray misses Croesus. The sleep ray hits the hobgoblin. The sleep ray hits the Mordor orc. The sleep ray hits the troll. The sleep ray hits the bugbear. The massive hammer hits! Lightning strikes Croesus! Croesus swings his two-handed sword. Croesus hits! You die... Final status: Aloha Zazza the Tourist, killed by Croesus... You died in Fort Ludios with 69272 points, and 62 pieces of gold, after 30508 moves. You were level 12 with a maximum of 101 hit points when you died.